 Dungeon Crawl Stone Soup version 0.31-a0-986-g5e6e4ef867 (webtiles) character file.

Game seed: 16094534611207627217

461 pokeman the Magician (level 6, 0/34 HPs)
             Began as a Deep Elf Hedge Wizard on Nov 10, 2023.
             Slain by a gnoll
             ... wielding a +0 spear
              (5 damage)
             ... on level 4 of the Dungeon.
             The game lasted 00:09:50 (3990 turns).

pokeman the Magician (Deep Elf Hedge Wizard)        Turns: 3990, Time: 00:09:51

Health: 0/34       AC:  4    Str:  7    XL:     6   Next: 79%
Magic:  1/18       EV: 13    Int: 21    God:
Gold:   193        SH:  0    Dex: 20    Spells: 8/19 levels left

rFire   . . .        x - +1 whip (venom)
rCold   . . .        (no shield)
rNeg    . . .        b - +0 robe
rPois   .            n - +0 helmet
rElec   .            o - scarf {repulsion}
rCorr   .            k - +0 pair of gloves
SInv    .            (no boots)
Will    .....        (no amulet)
Stlth   +++          m - +6 ring of dexterity
HPRegen 0.25/turn    (no ring)
MPRegen 0.16/turn

%: repel missiles
@: no status effects
A: no striking features
a: no special abilities


You were on level 4 of the Dungeon.
You visited 1 branch of the dungeon, and saw 6 of its levels.

You collected 193 gold pieces.

Inventory:

Hand Weapons
 x - a +1 whip of venom (weapon)
Missiles
 w - 2 throwing nets
Armour
 b - a +0 robe (worn)
 k - a +0 pair of gloves (worn)
 n - a +0 helmet (worn)
 o - a scarf of repulsion (worn)
 t - a scarf of resistance
Jewellery
 m - a +6 ring of dexterity (left hand)
Wands
 r - a wand of paralysis (12)
Scrolls
 a - a scroll of summoning {unknown}
 c - 3 scrolls of identify {unknown}
 f - a scroll of fog {unknown}
 h - 4 scrolls of blinking {unknown}
 l - a scroll of fear {unknown}
 p - a scroll of amnesia {unknown}
 q - a scroll of poison {unknown}
 s - 2 scrolls of teleportation {unknown}
 u - a scroll of enchant armour {unknown}
Potions
 d - 2 potions of magic
 e - a potion of degeneration {unknown}
 g - a potion of might {unknown}
 i - a potion of resistance {unknown}
 j - a potion of haste {unknown}


   Skills:
 + Level 1.0 Fighting
 - Level 1.0 Armour
 - Level 3.2 Dodging
 - Level 3.3 Stealth
 * Level 7.2 Spellcasting
 + Level 3.4 Conjurations
 - Level 1.1 Summonings
 - Level 1.1 Translocations
 - Level 1.1 Transmutations
 + Level 1.2 Fire Magic
 - Level 1.0 Air Magic
 - Level 1.0 Poison Magic
 - Level 1.0 Evocations


You had 8 spell levels left.
You knew the following spells:

 Your Spells              Type           Power      Damage    Failure   Level
a - Magic Dart            Conj           88%        1d7       1%          1
b - Mephitic Cloud        Conj/Pois/Air  15%        N/A       12%         3
c - Call Imp              Summ           24%        N/A       9%          2
d - Blink                 Tloc           24%        N/A       9%          2
e - Ignite Poison         Fire/Tmut/Pois 12%        N/A       16%         3

Your spell library contained the following spells:

 Spells                   Type           Power      Damage    Failure   Level
 Momentum Strike          Conj/Tloc      34%        3d8       4%          2
 Slow                     Hex            28%        N/A       9%          1
 Lesser Beckoning         Tloc           24%        N/A       9%          2
 Cigotuvi's Dreadful Rot  Necr/Pois/Air  20%        N/A       10%         2
 Sticky Flame             Conj/Fire      17%        2d4       32%         4
 Ignition                 Fire           6%         3d4       100%        8


Dungeon Overview and Level Annotations

Branches:
Dungeon (6/15)
 Temple: D:4-7

Altars:

Annotations:
D:5 2 transporters


Message History

You feel less confused.
The gnoll is engulfed in noxious fumes.
The gnoll appears confused.
The gnoll barely misses the gnoll.
The gnoll is engulfed in noxious fumes.
The gnoll appears confused.
The gnoll hits you with a +0 whip.
Unknown command.
Casting: Mephitic Cloud (quite dangerous; 12% risk of failure)
Confirm with . or Enter, or press ? or * to list all spells.
You ignite the poison in your surroundings!
The gnoll is engulfed in blazing flames.
You kill the gnoll!
Unknown command.
Unknown command.
The gnoll is engulfed in blazing flames.
You kill the gnoll!
Unknown command.
Casting: Ignite Poison (quite dangerous; 16% risk of failure)
Confirm with . or Enter, or press ? or * to list all spells.
Aiming: Mephitic Cloud (quite dangerous; 12% risk of failure)
Press: ? - help, Shift-Dir - straight line, f - gnoll
Aim: a gnoll, wielding a +0 spear (chance to affect: 91%)
The ball explodes into a vile cloud!
The stinking cloud engulfs the gnoll but does no damage.
The gnoll is engulfed in noxious fumes.
Unknown command.
Unknown command.
The gnoll hits you with a +0 spear.
Items here: ))) ††.
You hit the gnoll but do no damage.
The gnoll is poisoned.
The gnoll hits you with a +0 spear.
* * * LOW HITPOINT WARNING * * *
Your magical contamination has completely faded away.
You barely miss the gnoll.
The gnoll is lightly wounded.
The gnoll hits you with a +0 spear.
* * * LOW HITPOINT WARNING * * *
The gnoll barely misses you. The gnoll attacks as it pursues you!
The gnoll closely misses you. The gnoll attacks as it pursues you!
The gnoll hits you from afar with a +0 spear.
You die...

..).....#.#.## #.# #.#
#..)....>###.####.#####.##
#..#.####.#..............#
#..#.# ##.#..###.#####..#
### ...#.#####.#..###.#
#..# #..
##.#..>......)....# #..#
#.# #.### ###.#..##### #..#
#.# #.# #.#..###### #..#
#.# #.# #....g.@..# #..##
#.. ###..####.####...# ###
#...g..........#
.......#####.######.#######
####### #...........
#.##.####### # #.# #.# ..#


You could see a gnoll (poisoned).

Vanquished Creatures
  An ogre (D:5)
  A howler monkey (D:4)
  An orc priest (D:4)
  An iguana (D:5)
  A sleepcap (D:5)
  An orc wizard (D:4)
  12 gnolls
  3 adders
  10 orcs (D:4)
  2 endoplasms
  4 giant cockroaches
  4 goblins
  5 hobgoblins
  8 quokkas
  8 ball pythons
  5 bats
  4 frilled lizards
  9 kobolds
  3 rats
83 creatures vanquished.

Notes
Turn   | Place    | Note
-------+----------+-------------------------------------------
     0 | D:1      | pokeman the Deep Elf Hedge Wizard began the quest for the
                  | Orb.
     0 | D:1      | Reached XP level 1. HP: 10/10 MP: 7/7
     6 | D:1      | Noticed a wolf
     6 | D:1      | Noticed a lindwurm
     7 | D:1      | Noticed a polar bear
     7 | D:1      | Noticed a rime drake
   327 | D:1      | Reached XP level 2. HP: 16/16 MP: 6/9
   522 | D:1      | Found a faded altar of an unknown god.
   871 | D:1      | Reached skill level 5 in Spellcasting
  1028 | D:1      | Reached XP level 3. HP: 20/20 MP: 3/11
  1032 | D:1      | Learned a level 3 spell: Mephitic Cloud
  1035 | D:1      | Learned a level 2 spell: Call Imp
  1038 | D:1      | Learned a level 2 spell: Blink
  1405 | D:2      | Reached skill level 1 in Fighting
  1405 | D:2      | Reached skill level 1 in Armour
  2447 | D:3      | Reached XP level 4. HP: 25/25 MP: 6/13
  2669 | D:3      | You fall into a shaft and drop 3 floors!
  2678 | D:5      | Entered Level 5 of the Dungeon
  2678 | D:5      | Found a transporter.
  2687 | D:5      | Noticed a phantom
  2704 | D:5      | Noticed an ogre
  2712 | D:5      | Found a transporter.
  2720 | D:5      | Killed an ogre
  2721 | D:5      | Reached skill level 6 in Spellcasting
  2721 | D:5      | Reached XP level 5. HP: 29/29 MP: 5/15
  2947 | D:5      | Learned a level 3 spell: Ignite Poison
  3089 | D:4      | Reached XP level 6. HP: 34/34 MP: 10/17
  3249 | D:4      | Paralysed by an orc for 4 turns
  3258 | D:4      | Reached skill level 1 in Air Magic
  3320 | D:4      | Reached skill level 1 in Poison Magic
  3695 | D:4      | Reached skill level 7 in Spellcasting
  3812 | D:4      | Reached skill level 1 in Transmutations
  3812 | D:4      | Reached skill level 1 in Fire Magic
  3854 | D:4      | Reached skill level 1 in Evocations
  3990 | D:4      | Slain by a gnoll

Illustrated notes

Levels and vault maps discovered:
D:1:      onia_arrival_zoo_common, layout_basic,
          hellmonk_ecumenical_altar_prayer_group, nrook_mini_backslash,
          chequers_big_river
D:2:      layout_loops_ring
D:3:      layout_basic, lemuel_doored_altar, uniq_natasha
D:4:      layout_loops_ring
D:5:      gammafunk_wand_slinger, layout_basic, temple_doors_e,
          minmay_misc_feat_x
D:6:      layout_basic, lemuel_round_altar, serial_undead, serial_undead_e,
          serial_undead_d, serial_undead_a, serial_undead_c, serial_undead_d,
          serial_undead_e, serial_undead_f

Skill      XL: |  1  2  3  4  5  6 |
---------------+-------------------+-----
Spellcasting   | 5 6 7 |  7.2
Fighting       | 1 |  1.0
Armour         | 1 |  1.0
Conjurations   | 2 3 |  3.4
Dodging        | 3 |  3.2
Stealth        | 3 |  3.3
Air Magic      | 1 |  1.0
Poison Magic   | 1 |  1.0
Transmutations | 1 |  1.1
Fire Magic     | 1 |  1.2
Evocations     | 1 |  1.0
Summonings     | |  1.1
Translocations | |  1.1

Action                     |  1- 3 |  4- 6 || total
---------------------------+-------+-------++-------
  Melee: Flail             |    20 |    26 ||    46
         Short sword       |       |    10 ||    10
         Whip              |       |     2 ||     2
   Cast: Magic Dart        |    95 |    96 ||   191
         Mephitic Cloud    |     1 |    14 ||    15
         Blink             |       |     1 ||     1
         Call Imp          |       |     1 ||     1
         Ignite Poison     |       |     2 ||     2
   Stab: Sleeping          |     1 |       ||     1
         Confused          |       |     4 ||     4
 Armour: Robe              |    23 |    35 ||    58
  Dodge: Dodged            |    49 |    38 ||    87

Table legend: (Time is in decaauts)
 A = Elapsed time spent in this place.
 B = Non-inter-level travel time spent in this place.
 C = Inter-level travel time spent in this place.
 D = Time resting spent in this place.
 E = Time spent auto-exploring this place.
 F = Levels seen in this place.
 G = Mean time per level.
                   A        B        C        D        E       F      G
               +--------+--------+--------+--------+--------+-----+--------+
         Total |   4017 |   3949 |     68 |    317 |   2958 |   6 |  669.5 |
       Dungeon |   4017 |   3949 |     68 |    317 |   2958 |   6 |  669.5 |
               +--------+--------+--------+--------+--------+-----+--------+

Top non-repeatable levels by time:
     D:1: 1322 daAuts
     D:2: 922 daAuts
     D:4: 833 daAuts
     D:5: 484 daAuts
     D:3: 445 daAuts
     D:6: 8 daAuts
